 Dungeon Crawl Stone Soup version 0.28-a0-1382-g92835e5c71 (webtiles) character file.

Game seed: 11376273856629378964

518 ders the Chopper (level 7, -2/66 HPs)
             Began as a Minotaur Berserker on Jan 2, 2022.
             Was a Believer of Trog.
             Slain by an orc priest (9 damage)
             ... on level 4 of the Dungeon.
             The game lasted 00:05:01 (4446 turns).

ders the Chopper (Minotaur Berserker)               Turns: 4446, Time: 00:05:02

Health: -2/66      AC:  2    Str: 24    XL:     7   Next: 1%
Magic:  6/6        EV: 12    Int:  4    God:    Trog [**....]
Gold:   116        SH:  0    Dex:  9    Spells: 6/6 levels left

rFire   . . .      SeeInvis .   a - +1 hand axe
rCold   . . .      Faith    .   (no shield)
rNeg    . . .      Spirit   .   b - +0 animal skin
rPois   .          Reflect  .   (helmet restricted)
rElec   .          Harm     .   (no cloak)
rCorr   .          Rampage  .   (no gloves)
Will    ++...                   (no boots)
Stlth   +.........              (no amulet)
HPRegen 1.21/turn               (no ring)
MPRegen 0.10/turn               (no ring)

@: strong-willed, on berserk cooldown, regenerating, slowed, very slow
A: horns 2, retaliatory headbutt
a: Renounce Religion, Berserk, Trog's Hand


You were on level 4 of the Dungeon.
You worshipped Trog.
Trog was pleased with you.
You visited 1 branch of the dungeon, and saw 7 of its levels.

You collected 116 gold pieces.

Inventory:

Hand Weapons
 a - a +1 hand axe (weapon)
Armour
 b - a +0 animal skin (worn)
 e - a +0 ring mail
Jewellery
 k - a ring of protection from fire
Potions
 c - 2 potions of haste
 d - a potion of attraction {unknown}
 g - a potion of brilliance {unknown}
 h - a potion of flight {unknown}
 i - 2 potions of lignification {unknown}
 n - a potion of mutation {unknown}


   Skills:
 + Level 7.2 Fighting
 + Level 7.2 Axes
 - Level 2.4 Armour
 - Level 2.1 Dodging


You had 6 spell levels left.
You didn't know any spells.
Your spell library was empty.

Dungeon Overview and Level Annotations

Branches:
Dungeon (7/15)
 Temple: D:4-7

Altars:


Innate Abilities, Weirdness & Mutations

You have a pair of horns on your head.
You reflexively headbutt those who attack you in melee.


Message History

The orc hits you with a +0 dagger.
* * * LOW HITPOINT WARNING * * *
Okay, then.
You hit the orc.
The orc is moderately wounded.
The orc priest barely misses you. The orc misses you.
Your skin crawls.
You feel strong-willed.
The orc priest invokes the aid of Beogh against you.
Beogh smites you!
* * * LOW HITPOINT WARNING * * *
The orc closely misses you.
You hit the orc but do no damage. You headbutt the orc, but do no damage.
The orc is moderately wounded.
The orc priest hits you from afar with a +0 trident.
* * * LOW HITPOINT WARNING * * *
The orc hits you with a +0 dagger.
* * * LOW HITPOINT WARNING * * *
The orc priest calls upon Beogh to heal the orc.
The orc's wounds heal themselves!
The orc misses you.
You feel better.
The orc priest hits you from afar with a +0 trident.
* * * LOW HITPOINT WARNING * * *
The orc hits you with a +0 dagger.
* * * LOW HITPOINT WARNING * * *
You slash the orc!
You kill the orc!
Trog accepts your kill. The orc priest closely misses you.
The orc priest hits you from afar with a +0 trident!
* * * LOW HITPOINT WARNING * * *
Okay, then.
You feel better.
The orc priest calls down the wrath of Beogh upon you.
Beogh smites you!
* * * LOW HITPOINT WARNING * * *
The orc priest hits you with a +0 trident.
* * * LOW HITPOINT WARNING * * *
The orc priest hits you with a +0 trident!
You die...

##. #.......#..## #..
....... ...#. ....
..... ......
.....##...##(....#
.....#.....#[....
.....?.........
#.))))))# .# #
#o@)..###.###.##
#......###.).........
##.##.##.###.......#
... #># #..###### .#.
#.# #..# # #. #.#
#..# . . #.# #..#
....###.###..#
...........<.#


You could see an orc priest.

Vanquished Creatures
  A water moccasin (D:7)
  A black bear (D:7)
  A hound (D:5)
  A jelly (D:4)
  2 orc wizards (D:6)
  A killer bee zombie (D:6)
  Robin (D:4)
  2 adders
  8 gnolls (D:3)
  2 worms
  A dart slug (D:5)
  7 orcs
  4 bats
  5 endoplasms
  2 giant cockroaches (D:1)
  16 goblins
  8 hobgoblins
  7 jackals (D:1)
  A kobold (D:3)
  A quokka (D:3)
  2 ball pythons (D:1)
  5 frilled lizards
  8 rats
87 creatures vanquished.

Notes
Turn   | Place    | Note
-------+----------+-------------------------------------------
     0 | D:1      | ders the Minotaur Berserker began the quest for the Orb.
     0 | D:1      | Reached XP level 1. HP: 19/19 MP: 0/0
    72 | D:1      | Reached XP level 2. HP: 24/27 MP: 1/1
   611 | D:1      | Reached ** piety under Trog
   684 | D:1      | Reached XP level 3. HP: 33/34 MP: 2/2
  2036 | D:3      | Reached XP level 4. HP: 31/41 MP: 3/3
  2197 | D:3      | Reached skill level 5 in Fighting
  2197 | D:3      | Reached skill level 5 in Axes
  2896 | D:3      | Reached XP level 5. HP: 6/49 MP: 4/4
  3499 | D:4      | You fall into a shaft and drop 2 floors!
  3501 | D:6      | Noticed a water moccasin
  3698 | D:7      | Noticed a water moccasin
  3702 | D:7      | Killed a water moccasin
  3728 | D:7      | Noticed a black bear
  3736 | D:7      | Killed a black bear
  3737 | D:7      | Reached XP level 6. HP: 4/58 MP: 5/5
  4266 | D:5      | Entered Level 5 of the Dungeon
  4412 | D:4      | Noticed Robin
  4425 | D:4      | Killed Robin
  4435 | D:4      | Reached XP level 7. HP: 25/66 MP: 6/6
  4446 | D:4      | Slain by an orc priest

Illustrated notes

Levels and vault maps discovered:
D:1:      eino_arrival_water_cross, layout_basic, minmay_tripent
D:2:      layout_basic
D:3:      layout_loops_corners, serial_rivers, chequers_serial_rivers_large_a,
          chequers_serial_rivers_small_b, chequers_serial_rivers_small_b,
          chequers_serial_rivers_micro_a, chequers_serial_rivers_marsh,
          chequers_serial_rivers_micro_c
D:4:      nicolae_cairo_tiling_large_dashed, layout_loops_ring,
          roderic_nine_men_s_morris, uniq_eustachio, uniq_robin, uniq_edmund
D:5:      layout_loops_cross, nicolae_wormholes, uniq_ijyb, uniq_grinder
D:6:      layout_rooms, kennysheep_mini_moat
D:7:      layout_loops_corners, minmay_temple_entry_wispy, enter_bailey_5

Skill      XL: |  1  2  3  4  5  6 |
---------------+-------------------+-----
Fighting       | 4 5 6 7 |  7.2
Axes           | 4 5 6 7 |  7.2
Armour         | |  2.4
Dodging        | |  2.1

Action                   |  1- 3 |  4- 6 |  7- 9 || total
-------------------------+-------+-------+-------++-------
Melee: Hand axe          |   104 |    81 |     5 ||   190
       Headbutt          |    15 |    13 |     1 ||    29
Invok: Berserk           |       |     6 |       ||     6
       Trog's Hand       |       |     3 |     1 ||     4
  Use: Scroll            |       |     5 |       ||     5
       Potion            |       |       |     4 ||     4
Armor: Animal skin       |    24 |    12 |     1 ||    37
Dodge: Dodged            |    71 |    63 |    11 ||   145

Table legend: (Time is in decaauts)
 A = Elapsed time spent in this place.
 B = Non-inter-level travel time spent in this place.
 C = Inter-level travel time spent in this place.
 D = Time resting spent in this place.
 E = Time spent auto-exploring this place.
 F = Levels seen in this place.
 G = Mean time per level.
                   A        B        C        D        E       F      G
               +--------+--------+--------+--------+--------+-----+--------+
         Total |   4520 |   4352 |    168 |   1846 |   2036 |   7 |  645.7 |
       Dungeon |   4520 |   4352 |    168 |   1846 |   2036 |   7 |  645.7 |
               +--------+--------+--------+--------+--------+-----+--------+

Top non-repeatable levels by time:
     D:3: 1765 daAuts
     D:1: 1124 daAuts
     D:2: 652 daAuts
     D:6: 410 daAuts
     D:7: 376 daAuts
     D:4: 138 daAuts
     D:5: 52 daAuts
